 Dungeon Crawl Stone Soup version 0.28-a0-595-g9f6c0e134a (webtiles) character file.

Game seed: 3278407057614504674

108 robertstho the Magician (level 5, -4/37 HPs)
             Began as a Djinni Fire Elementalist on Oct 4, 2021.
             Slain by an orc (6 damage)
             ... on level 3 of the Dungeon.
             The game lasted 00:03:19 (3747 turns).

robertstho the Magician (Djinni Fire Elementalist)  Turns: 3747, Time: 00:03:19

Health: -4/37      AC:  2    Str:  7    XL:     5   Next: 12%
Gold:   47         EV: 12    Int: 17    God:
                   SH:  0    Dex: 14

rFire   + + .      SeeInvis .   c - +0 dagger
rCold   x . .      Faith    .   (no shield)
rNeg    . . .      Spirit   .   a - +0 robe
rPois   ∞          Reflect  .   (no helmet)
rElec   .          Harm     .   (no cloak)
rCorr   .          Rampage  .   (no gloves)
Will    .....                   (boots unavailable)
Stlth   ++........              (no amulet)
HPRegen 0.12/turn               (no ring)
MPRegen 0.00/turn               (no ring)

@: brilliant, flying
A: sickness immunity, fire resistance 2, cold vulnerability 1, float, innate
caster, hp casting, extra vitality 1
a: no special abilities


You were on level 3 of the Dungeon.
You visited 1 branch of the dungeon, and saw 3 of its levels.

You collected 47 gold pieces.

Inventory:

Hand Weapons
 c - a +0 dagger (weapon)
Armour
 a - a +0 robe (worn)
Scrolls
 b - a scroll of immolation
 e - a scroll of enchant weapon {unknown}
 f - a scroll of blinking {unknown}
 g - a scroll of identify
 k - a scroll of noise {unknown}
 l - a scroll of amnesia {unknown}
Potions
 d - a potion of haste {unknown}
 h - a potion of ambrosia {unknown}
 i - a potion of magic {unknown}
 j - a potion of brilliance


   Skills:
 * Level 1.0 Fighting
 + Level 2.5 Dodging
 + Level 1.5 Stealth
 * Level 3.9 Spellcasting


You couldn't memorise any spells.
You knew the following spells:

 Your Spells              Type           Power      Damage    Failure   Level
a - Foxfire               Conj/Fire      100%       2x1d9     3%          1
b - Scorch                Fire           50%        2d7       4%          2
c - Conjure Flame         Conj/Fire      25%        6-21      10%         3
d - Inner Flame           Hex/Fire       25%        N/A       10%         3
e - Flame Wave            Conj/Fire      25%        3d6       30%         4
f - Freeze                Ice            100%       1d11      3%          1
g - Ensorcelled Hibernat  Hex/Ice        50%        N/A       4%          2
Your spell library was empty.

Dungeon Overview and Level Annotations

Branches:
Dungeon (3/15)

Altars:

Shops:
D:1 [


Innate Abilities, Weirdness & Mutations

You are immune to sickness and miasma.
You are immune to poison.
Your flesh is very heat resistant. (rF++)
You are vulnerable to cold. (rC-)
You float through the air rather than walking.
You learn spells naturally, not from books.
Your magical power is your life essence.
You have superior vitality. (+4 HP)


Message History

Casting: Scorch (safe; 4% risk of failure)
Confirm with . or Enter, or press ? or * to list all spells.
Flames lash the goblin.
You kill the goblin!
Casting: Scorch (safe; 4% risk of failure)
Confirm with . or Enter, or press ? or * to list all spells.
Flames lash the goblin.
You kill the goblin!
You hear a shout!
An orc comes into view. It is wielding a +0 dagger.
Casting: Scorch (safe; 4% risk of failure)
Confirm with . or Enter, or press ? or * to list all spells.
Flames lash the goblin.
You kill the goblin!
Casting: Scorch (safe; 4% risk of failure)
Confirm with . or Enter, or press ? or * to list all spells.
Flames lash the goblin.
You kill the goblin!
A kobold comes into view. It is wielding a +0 dagger.
The kobold shouts!
Things that are here:
a +0 whip; 21 arrows A bat comes into view.
Casting: Scorch (safe; 4% risk of failure)
Confirm with . or Enter, or press ? or * to list all spells.
Flames lash the orc.
The orc is heavily wounded.
The orc's fire resistance burns away.
The orc hits you with a +0 flail!
* * * LOW HITPOINT WARNING * * *
Unknown command.
As you read the scroll labelled MAVAEWN YHENU, it crumbles to dust.
It is a scroll of identify.
b - a scroll of immolation The orc hits you with a +0 flail!
* * * LOW HITPOINT WARNING * * *
Okay, then.
It was a potion of brilliance.
You feel clever all of a sudden. The orc hits you with a +0 flail.
You die...

.. .# ##.# .. .. #..#
## ### #.## #># #.#
#.# #.# ###
#############.#
...#####..Kgoggo@....#
#.....#...############
8.:#..#.#.#
.))g.Ko.#...
...#..#####... ..
#†...# .### . #..#.# #
..)#... #b..# .##


You could see 2 orcs, a hobgoblin, 2 goblins and a kobold.

Vanquished Creatures
  A hound (D:3)
  2 dart slugs (D:2)
  An orc (D:3)
  3 bats
  7 endoplasms
  2 giant cockroaches (D:1)
  9 goblins
  6 hobgoblins
  3 jackals (D:1)
  6 quokkas
  6 ball pythons
  2 frilled lizards
  8 kobolds
  9 rats
65 creatures vanquished.

Vanquished Creatures (others)
  15 foxfires (D:1)
15 creatures vanquished.

Grand Total: 80 creatures vanquished

Notes
Turn   | Place    | Note
-------+----------+-------------------------------------------
     0 | D:1      | robertstho the Djinni Fire Elementalist began the quest for
                  | the Orb.
     0 | D:1      | Reached XP level 1. HP: 15/15 MP: 0/0
   670 | D:1      | Reached XP level 2. HP: 18/21 MP: 0/0
   945 | D:1      | Found Isuimum's Antique Armour Boutique.
  1081 | D:1      | Found a faded altar of an unknown god.
  1102 | D:1      | Reached skill level 3 in Spellcasting
  1364 | D:1      | Reached XP level 3. HP: 20/25 MP: 0/0
  1364 | D:1      | Learned a level 1 spell: Freeze
  2778 | D:2      | Reached XP level 4. HP: 28/31 MP: 0/0
  3540 | D:3      | Reached XP level 5. HP: 22/36 MP: 0/0
  3540 | D:3      | Learned a level 2 spell: Ensorcelled Hibernation
  3724 | D:3      | Reached skill level 1 in Fighting
  3747 | D:3      | Slain by an orc

Illustrated notes

Levels and vault maps discovered:
D:1:      scummos_arrival_checkerplants, layout_loops_ring, serial_shops, shop,
          shapermc_ecumenical_altar_flowoftime, minmay_strange_pillars
D:2:      layout_rooms, minmay_close_crescents
D:3:      kennysheep_the_goblin_king, layout_loops_ring, serial_glass,
          glass_columns_a, glass_columns_a, uniq_ijyb

Skill      XL: |  1  2  3  4  5 |
---------------+----------------+-----
Spellcasting   | 3 |  3.9
Fighting       | 1 |  1.0
Dodging        | |  2.5
Stealth        | |  1.5

Action                   |  1- 3 |  4- 6 || total
-------------------------+-------+-------++-------
Melee: Unarmed           |     4 |       ||     4
       Dagger            |     3 |     1 ||     4
 Cast: Foxfire           |    13 |       ||    13
       Scorch            |    55 |    32 ||    87
  Use: Scroll            |       |     1 ||     1
       Potion            |       |     1 ||     1
Armor: Robe              |     8 |     1 ||     9
Dodge: Dodged            |    29 |     6 ||    35

Table legend: (Time is in decaauts)
 A = Elapsed time spent in this place.
 B = Non-inter-level travel time spent in this place.
 C = Inter-level travel time spent in this place.
 D = Time resting spent in this place.
 E = Time spent auto-exploring this place.
 F = Levels seen in this place.
 G = Mean time per level.
                   A        B        C        D        E       F      G
               +--------+--------+--------+--------+--------+-----+--------+
         Total |   3746 |   3705 |     41 |    117 |   3250 |   3 | 1248.7 |
       Dungeon |   3746 |   3705 |     41 |    117 |   3250 |   3 | 1248.7 |
               +--------+--------+--------+--------+--------+-----+--------+

Top non-repeatable levels by time:
     D:1: 2529 daAuts
     D:2: 964 daAuts
     D:3: 251 daAuts
